 Dungeon Crawl Stone Soup version 0.30.1-3-gfc49f6343a (webtiles) character file.

Game seed: 7094983038874811650

43465 ANON1729 the Dancer (level 13, 0/119 HPs)
             Began as a Minotaur Monk on Aug 9, 2023.
             Was a Follower of Uskayaw.
             Slain by an elephant (5 damage)
             ... on level 5 of the Lair of Beasts.
             The game lasted 00:11:17 (16508 turns).

ANON1729 the Dancer (Minotaur Monk)                Turns: 16508, Time: 00:11:17

Health: 0/119      AC: 16    Str: 16    XL:     13   Next: 91%
Magic:  21/21      EV: 10    Int:  9    God:    Uskayaw [*.....]
Gold:   953        SH:  0    Dex: 28    Spells: 12/12 levels left

rFire   . . .        I - +5 dagger (drain)
rCold   . . .        d - orb {light}
rNeg    . . .        Q - +3 scale mail of Purpose {Will- Int+2 Dex+10}
rPois   .            (helmet restricted)
rElec   .            y - +1 cloak
rCorr   +            U - +0 pair of gloves
SInv    .            (no boots)
Will    .....        (no amulet)
Stlth   +            r - ring of willpower
HPRegen 0.39/turn    M - ring of resist corrosion
MPRegen 0.17/turn

%: no passive effects
@: about to teleport, petrifying (expiring), glowing, very slow
A: horns 2, retaliatory headbutt
a: Renounce Religion, Stomp


You were on level 5 of the Lair of Beasts.
You worshipped Uskayaw.
Uskayaw was pleased with you.
You visited 3 branches of the dungeon, and saw 16 of its levels.
You also visited: Bailey.

You collected 953 gold pieces.

Inventory:

Hand Weapons
 n - a +0 dagger of venom
 I - a +5 dagger of draining (weapon)
Missiles
 j - 2 throwing nets (quivered)
Armour
 b - a +0 robe
 d - an orb of light (worn)
 e - the +6 chain mail of Valour {Harm}
   (You found it on level 2 of the Dungeon)

   Harm:      It increases damage dealt and taken.
 y - a +1 cloak (worn)
 Q - the +3 scale mail of Purpose (worn) {Will- Int+2 Dex+10}
   (You found it on level 1 of the Lair of Beasts)

   Int:       It affects your intelligence (+2).
   Dex:       It affects your dexterity (+10).
   Will:      It decreases your willpower.
 U - a +0 pair of gloves (worn)
Jewellery
 r - a ring of willpower (left hand)
 B - the ring "Meetsiobi" {Ice *Slow rPois MP+9 Stlth+}
   (You took it off an orc warrior in a bailey)

   [ring of ice]

   It enhances your ice magic.
   rF:        It makes you vulnerable to fire.
   rC:        It protects you from cold.
   rPois:     It protects you from poison.
   MP:        It affects your magic capacity (+9).
   *Slow:     It may slow you when you take damage.
   Stlth:     It makes you more stealthy.
 E - a ring of positive energy
 G - a ring of fire
 H - a ring of ice
 M - a ring of resist corrosion (right hand)
Wands
 w - a wand of polymorph (8)
 F - a wand of iceblast (8)
 J - a wand of mindburst (8)
 O - a wand of flame (6)
Scrolls
 a - 3 scrolls of enchant armour
 f - a scroll of summoning
 g - 2 scrolls of fear
 i - 5 scrolls of fog
 k - 5 scrolls of immolation
 l - 2 scrolls of poison
 q - 5 scrolls of enchant weapon
 x - 8 scrolls of teleportation
 D - 3 scrolls of blinking
 K - 4 scrolls of amnesia
 L - a scroll of magic mapping {unknown}
 P - 3 scrolls of identify
 S - 3 scrolls of vulnerability {unknown}
Potions
 c - 2 potions of ambrosia
 h - 2 potions of lignification
 m - 7 potions of magic
 o - 4 potions of curing
 p - 6 potions of brilliance
 s - 4 potions of flight
 t - a potion of haste {unknown}
 u - a potion of cancellation {unknown}
 v - 3 potions of might
 z - a potion of berserk rage {unknown}
 A - 2 potions of heal wounds
 C - a potion of attraction {unknown}
 N - a potion of mutation {unknown}
 R - a potion of invisibility {unknown}
Miscellaneous
 T - a box of beasts
 V - a lightning rod (4/4)


   Skills:
 + Level 12.8 Fighting
 + Level 11.8 Short Blades
 + Level 12.0 Armour
 + Level 11.8 Dodging
 + Level 13.3 Invocations


You had 12 spell levels left.
You didn't know any spells.
Your spell library contained the following spells:

 Spells                   Type           Power      Damage    Failure   Level
 Beastly Appendage        Tmut           0%         N/A       73%         1
 Foxfire                  Conj/Fire      0%         2x1d4     73%         1
 Freeze                   Ice            0%         1d3       73%         1
 Magic Dart               Conj           0%         1d3       73%         1
 Slow                     Hex            0%         N/A       73%         1
 Sting                    Tmut/Pois      0%         1d3       73%         1
 Call Imp                 Summ           0%         N/A       86%         2
 Cigotuvi's Dreadful Rot  Necr/Pois/Air  0%         N/A       86%         2
 Ensorcelled Hibernation  Hex/Ice        0%         N/A       86%         2
 Wereblood                Tmut           0%         N/A       86%         2
 Confusing Touch          Hex            0%         N/A       97%         3
 Frozen Ramparts          Ice            0%         1d1       97%         3
 Hailstorm                Conj/Ice       0%         3d3       97%         3
 Mephitic Cloud           Conj/Pois/Air  0%         N/A       97%         3
 Ozocubu's Armour         Ice            0%         N/A       97%         3
 Spider Form              Tmut/Pois      0%         N/A       97%         3
 Vampiric Draining        Necr           0%         2d6       97%         3
 Anguish                  Hex/Necr       0%         N/A       100%        4
 Dispel Undead            Necr           0%         3d6       100%        4
 Passage of Golubria      Tloc           0%         N/A       100%        4
 Fireball                 Conj/Fire      0%         3d3       100%        5
 Metabolic Englaciation   Hex/Ice        0%         N/A       100%        5
 Silence                  Hex/Air        0%         N/A       100%        5
 Death Channel            Necr           0%         N/A       100%        6
 Plasma Beam              Fire/Air       0%         2x1d11    100%        6
 Simulacrum               Ice/Necr       0%         N/A       100%        6
 Starburst                Conj/Fire      0%         6d3       100%        6
 Lehudib's Crystal Spear  Conj/Erth      0%         10d2      100%        8


Dungeon Overview and Level Annotations

Branches:
Dungeon (10/15)            Temple (1/1) D:7            Lair (5/5) D:8
 Shoals (0/4) Lair:2       Spider (0/4) Lair:2        Slime (0/5) Lair:4
 Bailey (visited)
    Orc: D:9-12

Altars:
Cheibriados
Dithmenos
Gozag
Hepliaklqana
Makhleb
Nemelex Xobeh
Trog
Uskayaw
Vehumet
Yredelemnul
Zin
Jiyva

Annotations:
D:9 exclusions: oklob plant and oklob sapling


Innate Abilities, Weirdness & Mutations

You have a pair of horns on your head.
You reflexively headbutt those who attack you in melee.


Message History

The yak closely misses you. You furiously retaliate!
You headbutt the yak. The elephant completely misses you.
The elephant trunk-slaps you.
* * * LOW HITPOINT WARNING * * *
The yak gores your basilisk!
Your basilisk dies!
Your basilisk's corpse dissolves into shadows!
The catoblepas breathes a plume of calcifying dust at you.
The blast of calcifying dust hits you.
* * * LOW HITPOINT WARNING * * *
The blast of calcifying dust hits the hornet.
You feel much better.
You are engulfed in calcifying dust.
You are slowing down.
The hornet is engulfed in calcifying dust.
The hornet is moving more slowly.
The snapping turtle bites you from afar!
* * * LOW HITPOINT WARNING * * *
The yak gores you but does no damage. The elephant barely misses you.
The elephant trunk-slaps you but does no damage.
The polar bear misses you.
The polar bear claws you but does no damage. x2
The catoblepas gores you!!
* * * LOW HITPOINT WARNING * * *
Unknown command.
You feel much better.
You are engulfed in calcifying dust.
Your limbs have turned to stone.
The hornet is engulfed in calcifying dust.
The hornet stops moving altogether!
The hornet is engulfed in calcifying dust.
The snapping turtle bites you from afar!
* * * LOW HITPOINT WARNING * * *
The dream sheep ruffle their wool and motes of dream dust sparkle, to no effect.
A dream sheep comes into view.
The polar bear completely misses you.
The polar bear claws you but does no damage.
The polar bear barely misses you. The yak gores you.
* * * LOW HITPOINT WARNING * * *
The catoblepas gores you!!
* * * LOW HITPOINT WARNING * * *
The elephant tramples you!
You die...

~ ~..### # #~
#....## ###
.~#~##....P##+...
~~~~~P~...........
~~~~~~~~..........
~~~~~##÷..........
~.#~~~÷..§.......
~~P~~~~..Yy.......
~PP~~~~~th@.##..#
~~~#~##~YYYY# #.
~~~~~#........
~~~~~~~.........
..~~.YY......#..#
8~~#.~#......?..#
#Y##....#.....# Y~
Y.:...#...#.


You could see a catoblepas (drained), an elephant, a snapping turtle, a polar
bear, 4 yaks, a hornet (petrified) and 4 dream sheep.

Vanquished Creatures
  Rupert (Lair:3)
  An orc warlord (Bailey)
  A hydra (Lair:2)
  A skyshark (Lair:2)
  A sea snake (Lair:4)
  A manticore (Lair:5)
  An oklob plant (Lair:3)
  10 elephants
  2 black mambas
  11 cane toads
  3 rime drakes
  A torpor snail (Lair:4)
  6 komodo dragons
  A merfolk (Lair:2)
  2 trolls
  A wind drake (Lair:5)
  3 meliai (D:10)
  3 polar bears
  Prince Ribbit (D:5)
  18 blink frogs
  Sigmund (D:3)
  6 wyverns
  49 yaks
  3 basilisks
  18 water moccasins
  16 orc warriors
  An ice beast (D:5)
  3 black bears
  2 ogres
  4 centaurs
  11 wolves
  A phantom (D:4)
  2 kobold brigands (D:8)
  10 bullfrogs
  3 scorpions
  3 wights (D:8)
  17 killer bees
  6 electric eels
  6 howler monkeys
  6 hounds
  3 orc priests
  5 iguanas
  Crazy Yiuf (D:5)
  10 orc wizards
  6 gnolls (Bailey)
  12 adders
  A shadow imp (D:6)
  A white imp (D:7)
  4 ufetubi
  3 worms
  15 dart slugs
  40 orcs
  8 bats
  6 endoplasms
  4 giant cockroaches
  16 goblins
  14 hobgoblins
  23 kobolds
  2 quokkas
  10 ball pythons
  7 frilled lizards
  5 rats
433 creatures vanquished.

Vanquished Creatures (collateral kills)
  A steam dragon (Lair:5)
1 creature vanquished.

Vanquished Creatures (others)
  A black bear (D:7)
1 creature vanquished.

Grand Total: 435 creatures vanquished

Notes
Turn   | Place    | Note
-------+----------+-------------------------------------------
     0 | D:1      | ANON1729 the Minotaur Monk began the quest for the Orb.
     0 | D:1      | Reached XP level 1. HP: 19/19 MP: 0/0
   161 | D:1      | Reached XP level 2. HP: 27/27 MP: 1/1
   689 | D:2      | Reached XP level 3. HP: 31/33 MP: 2/2
   703 | D:2      | Identified the +6 chain mail of Valour {Harm}
   834 | D:2      | You fall into a shaft and drop 1 floor!
  1470 | D:3      | Noticed Sigmund
  1472 | D:3      | Reached XP level 4. HP: 39/41 MP: 3/3
  1505 | D:3      | Killed Sigmund
  1506 | D:3      | Reached skill level 5 in Fighting
  1506 | D:3      | Reached skill level 1 in Invocations
  1506 | D:3      | Reached XP level 5. HP: 28/48 MP: 3/5
  2144 | D:3      | Reached XP level 6. HP: 56/56 MP: 6/6
  2424 | D:4      | Reached skill level 2 in Invocations
  2534 | D:4      | Reached skill level 5 in Short Blades
  2534 | D:4      | Reached skill level 5 in Dodging
  2652 | D:4      | Reached XP level 7. HP: 57/61 MP: 7/7
  3296 | D:5      | Entered Level 5 of the Dungeon
  3431 | D:5      | Noticed Prince Ribbit
  3438 | D:5      | Reached skill level 3 in Invocations
  3443 | D:5      | Killed Prince Ribbit
  3526 | D:5      | Found a runed translucent door.
  3527 | D:5      | Noticed Crazy Yiuf
  3654 | D:5      | Reached XP level 8. HP: 71/71 MP: 9/9
  4389 | D:5      | Killed Crazy Yiuf
  4390 | D:5      | Reached skill level 4 in Invocations
  4464 | D:6      | Reached skill level 5 in Armour
  5530 | D:7      | Reached XP level 9. HP: 77/79 MP: 11/11
  5565 | D:7      | Found a staircase to the Ecumenical Temple.
  5625 | Temple   | Entered the Ecumenical Temple
  5670 | Temple   | Became a worshipper of Uskayaw the Reveller
  5670 | Temple   | Reached * piety under Uskayaw
  5710 | D:7      | Reached ** piety under Uskayaw
  5717 | D:7      | Reached *** piety under Uskayaw
  5720 | D:7      | Reached **** piety under Uskayaw
  5722 | D:7      | Reached skill level 5 in Invocations
  5725 | D:7      | Found a flagged portal.
  5726 | D:7      | Reached ***** piety under Uskayaw
  5736 | Bailey   | Entered a bailey
  6677 | Bailey   | Noticed an orc warlord
  6704 | Bailey   | Killed an orc warlord
  6705 | Bailey   | Reached skill level 6 in Invocations
  6705 | Bailey   | Reached XP level 10. HP: 7/90 MP: 13/13
  7079 | Bailey   | Identified the ring "Meetsiobi" {Ice *Slow rPois MP+9
                  | Stlth+}
  7921 | D:8      | Found a glowing silver altar of Zin.
  7984 | D:8      | Found a staircase to the Lair.
  9235 | D:9      | Reached skill level 7 in Invocations
  9456 | D:9      | Noticed an oklob plant
  9546 | D:9      | Reached skill level 11 in Invocations
  9546 | D:9      | Reached XP level 11. HP: 99/99 MP: 14/18
  9577 | D:9      | Got Sif Muna's Elucidation of Nature
  9631 | D:10     | Entered Level 10 of the Dungeon
  9740 | D:10     | Found a faded altar of an unknown god.
  9740 | D:10     | Found a faded altar of an unknown god.
  9747 | D:10     | Reached skill level 10 in Fighting
  9927 | D:10     | Found a hazy altar of Hepliaklqana.
 10084 | D:10     | Reached XP level 12. HP: 44/106 MP: 19/19
 10617 | Lair:1   | Entered Level 1 of the Lair of Beasts
 10892 | Lair:1   | Reached ****** piety under Uskayaw
 11183 | Lair:1   | Identified the +3 scale mail of Purpose {Will- Int+2
                  | Dex+10}
 11867 | Lair:1   | Reached skill level 12 in Invocations
 11873 | Lair:1   | Reached skill level 10 in Short Blades
 11873 | Lair:1   | Reached skill level 10 in Dodging
 12391 | Lair:2   | Reached skill level 10 in Armour
 12391 | Lair:2   | Found a hole to the Spider Nest.
 12554 | Lair:2   | Noticed a four-headed hydra
 12584 | Lair:2   | Killed a four-headed hydra
 12929 | Lair:2   | Reached XP level 13. HP: 92/116 MP: 21/21
 13160 | Lair:2   | Found a staircase to the Shoals.
 13989 | Lair:3   | Noticed Rupert
 14005 | Lair:3   | Killed Rupert
 14996 | Lair:4   | Reached skill level 13 in Invocations
 15933 | Lair:4   | Found a viscous altar of Jiyva.
 15935 | Lair:4   | Found a staircase to the Slime Pits.
 16243 | Lair:5   | Entered Level 5 of the Lair of Beasts
 16508 | Lair:5   | HP: 5/119 [catoblepas (13)]
 16508 | Lair:5   | Slain by an elephant

Illustrated notes

Levels and vault maps discovered:
D:1:      dpeg_arrival_tiny_k, layout_rooms
D:2:      layout_loops_ring, serial_park_tiny_2
D:3:      kennysheep_slugbush, layout_basic, uniq_sigmund
D:4:      layout_gridville
D:5:      layout_loops_corners, uniq_crazy_yiuf_cottage, uniq_prince_ribbit1
D:6:      layout_basic
D:7:      layout_rooms, minmay_temple_entry_mini_moons, enter_bailey_4
D:8:      layout_cave_pools, general_overflow_altar, david_lair_generic
D:9:      layout_loops_ring, introduction_to_nature_2
D:10:     layout_roguey, nicolae_hepliaklqana_ecumenical_no_more
Temple:   nicolae_temple_bog_church
Lair:1:   layout_cave_pods, beast_lair_carwin_9, grunt_megastairs_1,
          infiniplex_staircase_pool
Lair:2:   layout_concentric_octagons, elwin_shoals_entry_rooms,
          spider_nest_entry_a, grunt_megastairs_4, serial_bayou_shore_b
Lair:3:   layout_cave_pods, uniq_rupert
Lair:4:   layout_cave_pods, dpeg_slime_entry_corner, gauntlet_entry_generic,
          serial_bayou_shore_a, wad_woods_river_01
Lair:5:   gammafunk_lair_ancient_temple, layout_regular_city

Skill      XL: |  1  2  3  4  5  6  7  8  9 10 11 12 13 |
---------------+----------------------------------------+-----
Fighting       | 4 5 6 7 8 9 10 11 12 | 12.8
Short Blades   | 4 5 6 8 9 10 11 | 11.8
Dodging        | 4 5 6 8 9 10 11 | 11.8
Armour         | 2 3 4 5 7 8 9 10 12 | 12.0
Invocations    | 1 2 3 4 6 11 12 13 | 13.3

Action                     |  1- 3 |  4- 6 |  7- 9 | 10-12 | 13-15 || total
---------------------------+-------+-------+-------+-------+-------++-------
  Melee: Short sword       |    38 |       |       |       |       ||    38
         Headbutt          |    21 |    23 |   119 |   149 |    90 ||   402
         Dagger            |    47 |    93 |   345 |   534 |   317 ||  1336
  Throw: Throwing net      |       |       |     1 |       |       ||     1
 Invoke: Stomp             |       |       |     4 |     4 |     2 ||    10
         Grand Finale      |       |       |       |     1 |     1 ||     2
         Line Pass         |       |       |       |       |     1 ||     1
    Use: Potion            |       |     1 |     3 |     2 |     4 ||    10
         Scroll            |       |       |    12 |     9 |     2 ||    23
   Stab: Paralysed         |       |       |     6 |    39 |    31 ||    76
         Confused          |       |       |       |       |     1 ||     1
 Armour: Robe              |     8 |       |       |       |       ||     8
         Chain mail        |     4 |    55 |   157 |   148 |       ||   364
         Skin              |       |       |     9 |       |       ||     9
         Scale mail        |       |       |       |    37 |    92 ||   129
  Dodge: Dodged            |    41 |    44 |   141 |   250 |   190 ||   666
